 Dungeon Crawl Stone Soup version 0.18-a0-1109-gfc003ac (webtiles) character file.

222127 4thArraOfDagon the Executioner (level 19, -4/189 HPs)
             Began as a Hill Orc Berserker on Jan 16, 2016.
             Was the Champion of Makhleb.
             Slain by a stone giant (11 damage)
             ... created by the rage of Trog
             ... on level 4 of the Vaults.
             The game lasted 01:21:49 (11139 turns).

4thArraOfDagon the Executioner (HOBe)              Turns: 11139, Time: 01:21:49

Health: -4/189     AC: 28    Str: 28    XL:     19   Next: 22%
Magic:  25/25      EV: 18    Int: 11    God:    Makhleb [******]
Gold:   1510       SH:  0    Dex: 17    Spells: 3 memorised, 15 levels left

rFire  + + .     SeeInvis .     H - +4 battleaxe (vamp)
rCold  + . .     Gourm    .     g - +1 chain mail of Joy {rF++ Int+4}
rNeg   . . .     Faith    .     (shield currently unavailable)
rPois  .         Spirit   .     f - +2 helmet
rElec  .         Dismiss  .     l - +1 cloak of Misoisk {rC+ Dex+9}
rCorr  +         Reflect  .     e - +2 pair of gloves
SustAt .         Harm     .     x - +2 pair of boots
MR     +....                    U - amulet of rage
Stlth  ..........               L - ring of resist corrosion
                                n - +3 ring of evasion

@: exhausted, about to teleport, marked, slowed, very slow, somewhat resistant
to hostile enchantments, extremely unstealthy
A: hooves 1, clumsy 1, robust 1, subdued magic 2
a: Minor Destruction, Lesser Servant of Makhleb, Major Destruction, Greater
Servant of Makhleb, Renounce Religion, Evoke Berserk Rage
}: 1/15 runes: slimy


You were on level 4 of the Vaults.
You worshipped Makhleb.
Makhleb was exalted by your worship.
You were hungry.

You visited 6 branches of the dungeon, and saw 37 of its levels.
You also visited: Ice Cave.

You collected 2091 gold pieces.
You spent 581 gold pieces at shops.

Inventory:

Hand Weapons
 D - a +0 blowgun
 E - the +4 battleaxe "Seubb" {drain, rElec SInv}
   (Trog gifted it to you on level 8 of the Lair of Beasts)

   A truly terrible weapon, it drains the life of those it strikes.
   It insulates you from electricity.
   It lets you see invisible.
 H - a +4 vampiric battleaxe (weapon)
Missiles
 K - 2 throwing nets (quivered)
 N - 5 curare-tipped needles
Armour
 e - a +2 pair of gloves (worn)
 f - a +2 helmet (worn)
 g - the +1 chain mail of Joy (worn) {rF++ Int+4}
   (You bought it in a shop on level 2 of the Orcish Mines)

   It affects your intelligence (+4).
   It greatly protects you from fire.
 l - the +1 cloak of Misoisk (worn) {rC+ Dex+9}
   (You found it on level 9 of the Dungeon)

   It affects your dexterity (+9).
   It protects you from cold.
 x - a +2 pair of boots (worn)
Rods
 C - a +2 iron rod (13/13)
   (You found it on level 6 of the Pits of Slime)
Jewellery
 n - a +3 ring of evasion (left hand)
 r - an uncursed ring of see invisible
 L - a ring of resist corrosion (right hand)
 M - an uncursed ring of positive energy
 U - an amulet of rage (around neck)
Wands
 q - a wand of digging (12/24)
 y - a wand of cold (4/15)
 Q - a wand of fire (7/15)
 T - a wand of hasting (3/9)
 V - a wand of cold (5/15)
 Y - a wand of digging (7/24)
Scrolls
 b - 10 scrolls of remove curse
 i - 4 scrolls of magic mapping
 o - 5 scrolls of enchant armour
 t - 2 scrolls of fog
 u - 2 scrolls of silence
 v - 4 scrolls of teleportation
 G - a scroll of recharging
 O - 2 scrolls of identify
 Z - a scroll of noise
Potions
 a - a potion of lignification
 h - 4 potions of ambrosia
 j - a potion of magic
 k - 7 potions of curing
 m - 4 potions of flight
 s - 3 potions of agility
 w - a potion of haste
 A - a potion of heal wounds
 B - a potion of beneficial mutation
 J - a potion of might
 P - a potion of berserk rage
 X - 2 potions of invisibility
Miscellaneous
 p - a phantom mirror
 R - an ornate deck of summoning {the Illusion}
 S - a plain deck of summoning {drawn: 2}
Comestibles
 c - 6 bread rations
 d - 4 chunks of flesh
 z - a royal jelly
 I - 12 meat rations


   Skills:
 + Level 15.8 Fighting
 * Level 25.3 Axes
 + Level 16.2 Armour
 + Level 8.9 Dodging
 - Level 3.2 Spellcasting
 - Level 6.7 Charms
 - Level 6.8 Necromancy
 + Level 8.1 Invocations
 - Level 6.2 Evocations


You had 15 spell levels left.
You knew the following spells:

 Your Spells              Type           Power        Failure   Level  Hunger
a - Animate Skeleton      Necr           N/A          1%          1    #......
b - Regeneration          Chrm/Necr      #.........   3%          3    ###....
c - Silence               Hex/Air        #.........   100%        5    ######.


Dungeon Overview and Level Annotations

Branches:
Dungeon (15/15)            Temple (1/1) D:6            Lair (8/8) D:11
  Swamp (0/4) Lair:4       Spider (0/4) Lair:4        Slime (6/6) Lair:7
    Orc (2/2) D:10            Elf (0/3) Orc:2        Vaults (5/5) D:14
  Crypt: Vaults:2-3  Depths: D:15

Altars:
Ashenzari
Cheibriados
Dithmenos
Elyvilon
Gozag
Makhleb
Nemelex Xobeh
Okawaru
Pakellas
Ru
Trog
Vehumet
Xom
Yredelemnul
Zin
The Shining One
Jiyva

Shops:
D:12 *   Orc:2 [[(*=

Annotations:
D:3 4thArraOfDagon's ghost, weakling HOBe; Grinder; Jessica
D:7 exclusion: downstairs
D:9 lysy's ghost, novice DEFE
D:11 LAIRs
Lair:4 SWAMP


Innate Abilities, Weirdness & Mutations

You have large cloven feet.
You are clumsy. (Dex -2)
You are robust (+10% HP).
Your spells are easier to cast, but less powerful.


Message History

As you read the scroll of teleportation, it crumbles to dust.
You feel strangely unstable.
The stone giant hits you but does no damage. x2
The stone giant barely misses you. The stone giant hits you!!
The stone giant hits you!!!
A war gargoyle and a frost giant come into view.
Unknown command.
The yaktaur captain wields a glowing arbalest.
The yaktaur captain shoots a bolt.
The bolt barely misses you. The stone giant hits you!
The stone giant hits you!!!
* * * LOW HITPOINT WARNING * * *
Items here: ( )) [[ a bolt; a short sword; a leather armour; a war axe; a plate armour Unknown command.
Unknown command.
Unknown command.
The stone giant hits you!!!
* * * LOW HITPOINT WARNING * * *
The stone giant hits you!
You die...

.#..[..#.#### ####.#.###.###.#.'.
.#..[..#....###....#..##.....#.#.
.#.....#.....#.....##.)#######(#.
.'.....'.....#.....###))()()..(##
##.....#.....#.....# ###########
#######...........# #########'###
# #######..####### #
#.......@......# #
#.....)CC......# #
#.....)O9......# #
#######))####### # ...Q* #
........ .........# .........C#
..........c..


You could see 2 stone giants, a tengu reaver, a war gargoyle and a two-headed
ogre (berserk).

Vanquished Creatures
  the Royal Jelly (Slime:6)
  Saint Roka (Vaults:1)
  A golden dragon (Vaults:4)
  A large abomination (Vaults:4)
  A tentacled monstrosity (Vaults:5)
  13 acid blobs
  2 sphinxes (Vaults:4)
  A storm dragon (Vaults:4)
  A shadow dragon (Vaults:4)
  A tengu reaver (Vaults:4)
  5 azure jellies
  2 fire giants (Vaults:4)
  3 frost giants
  A deep elf sorcerer (Vaults:4)
  3 vault wardens
  An orc warlord (Orc:1)
  5 ironheart preservers
  A ghoul (Vaults:4)
  A stone giant (Vaults:4)
  4 very ugly things (Vaults:4)
  A war gargoyle (Vaults:4)
  A salamander stormcaller (Vaults:4)
  2 deep elf annihilators
  2 deep elf demonologists
  6 dire elephants (Lair:8)
  A white draconian (IceCv)
  2 deep elf death magi
  2 ettins
  Josephine (Orc:2)
  36 vault guards
  A minotaur (shapeshifter) (Vaults:4)
  A death ooze (Slime:6)
  A deep elf high priest (Vaults:4)
  5 yaktaur captains
  A great orb of eyes (Slime:4)
  2 hydras
  3 ogre magi
  An ice dragon (Vaults:4)
  An anaconda (Lair:8)
  3 centaur warriors
  A death knight (Vaults:5)
  A death yak (IceCv)
  2 orc high priests (Orc:2)
  A vampire mage (Vaults:4)
  A deep elf knight (Vaults:1)
  A shadow wraith (Vaults:4)
  5 skeletal warriors
  3 unseen horrors
  A flayed ghost (Vaults:4)
  4 deep trolls
  4 hill giants
  A deep elf archer (Vaults:1)
  8 orc knights
  A wolf spider zombie (D:13)
  A hill giant (shapeshifter) (Vaults:2)
  8 ironbrand convokers
  2 harpies (Vaults:1)
  An orb spider (shapeshifter) (Vaults:1)
  2 wolf spiders
  2 orc sorcerers (Orc:2)
  3 oklob plants (Lair:7)
  A wizard (Vaults:2)
  31 ugly things
  3 shining eyes
  A moth of wrath (shapeshifter) (Vaults:4)
  2 griffons
  7 elephants
  5 deep elf magi
  2 manticores
  A cyclops (D:12)
  4 black mambas
  6 vault sentinels
  An ice statue (IceCv)
  5 spiny frogs
  A torpor snail (Lair:3)
  2 centaur skeletons
  Joseph (D:10)
  A kobold demonologist (D:11)
  12 yaktaurs
  9 komodo dragons
  An efreet (D:14)
  A redback zombie (D:14)
  A fire drake (Lair:4)
  5 freezing wraiths (Vaults:4)
  18 polar bears
  9 trolls
  3 boulder beetles
  A blink frog (shapeshifter) (Vaults:2)
  5 two-headed ogres
  55 slime creatures
  Sigmund (D:5)
  36 yaks
  11 wraiths
  A basilisk (D:13)
  4 golden eyes (Slime:4)
  10 vampire mosquitoes
  4 hippogriffs
  Edmund (D:6)
  17 wolves (IceCv)
  A mottled dragon (D:15)
  7 wargs
  3 water moccasins
  5 porcupines
  Duvessa (D:7)
  5 ice beasts
  2 black bears
  34 orc warriors
  A sky beast (D:9)
  A slave (D:5)
  3 wasps
  5 eyes of draining
  5 centaurs
  26 ogres
  10 crocodiles
  4 big kobolds
  7 giant frogs
  Dowan (D:7)
  3 scorpions
  11 killer bees
  2 lava snakes (D:10)
  3 crimson imps
  2 centaur zombies
  A giant frog zombie (D:12)
  A quasit (D:11)
  10 hounds
  8 orc priests
  21 jellies
  18 orc wizards
  2 giant frog skeletons (D:5)
  16 iguanas
  7 worker ants
  A killer bee zombie (D:7)
  16 sheep
  A hound zombie (D:10)
  8 adders
  55 river rats
  A shadow imp (D:12)
  12 white imps (D:13)
  An ooze (D:6)
  An adder skeleton (D:5)
  2 worms (Lair:4)
  4 giant geckos
  57 orcs
  2 giant cockroaches (Lair:4)
  4 goblins
  2 hobgoblins (D:2)
  12 jackals
  5 kobolds
  2 quokkas
  8 bats
  3 giant newts
  A jackal zombie (D:7)
  4 rats
  7 fungi (D:11)
  13 plants
902 creatures vanquished.

Vanquished Creatures (collateral kills)
  Dissolution (Slime:3)
  2 acid blobs (Slime:6)
  An azure jelly (Slime:6)
  2 death oozes (Slime:6)
  A jelly (Slime:6)
7 creatures vanquished.

Vanquished Creatures (others)
  A deep elf knight (Vaults:1)
  2 ogres
  A fungus (Lair:7)
  4 plants (Lair:8)
8 creatures vanquished.

Grand Total: 917 creatures vanquished

Notes
Turn   | Place    | Note
--------------------------------------------------------------
     0 | D:1      | 4thArraOfDagon the Hill Orc Berserker began the quest for the Orb.
     0 | D:1      | Reached XP level 1. HP: 19/19 MP: 1/1
     0 | D:1      | Noticed a large abomination
     0 | D:1      | Noticed a shadow dragon
     1 | D:1      | Noticed an ice dragon
     3 | D:1      | Noticed an ice dragon
     5 | D:1      | Noticed an iron dragon
     6 | D:1      | Noticed a large abomination
     7 | D:1      | Noticed an iron dragon
     8 | D:1      | Noticed a large abomination
    12 | D:1      | Noticed a golden dragon
    14 | D:1      | Noticed a large abomination
    16 | D:1      | Noticed a shadow dragon
    16 | D:1      | Noticed a large abomination
    18 | D:1      | Noticed an iron dragon
    18 | D:1      | Noticed an ice dragon
    20 | D:1      | Noticed a tentacled monstrosity
    35 | D:2      | Reached XP level 2. HP: 26/27 MP: 2/2
    37 | D:2      | Reached XP level 3. HP: 28/33 MP: 3/3
    89 | D:3      | Noticed Grinder
    89 | D:3      | Noticed 4thArraOfDagon's ghost (weakling HOBe)
    91 | D:3      | Noticed Jessica
   119 | D:2      | Noticed a hippogriff
   227 | D:2      | Reached skill level 5 in Axes
   320 | D:3      | Reached ** piety under Trog
   373 | D:3      | Found a basalt altar of Yredelemnul.
   392 | D:3      | Reached XP level 4. HP: 41/41 MP: 4/4
   462 | D:4      | Found a shimmering altar of Xom.
   506 | D:4      | Reached XP level 5. HP: 47/47 MP: 5/5
   507 | D:4      | Reached skill level 6 in Axes
   620 | D:5      | Entered Level 5 of the Dungeon
   631 | D:5      | Noticed Sigmund
   657 | D:5      | Killed Sigmund
   657 | D:5      | Reached skill level 5 in Fighting
   657 | D:5      | Reached skill level 7 in Axes
   657 | D:5      | Reached XP level 6. HP: 45/56 MP: 6/6
   668 | D:5      | Noticed a slave
   779 | D:5      | Reached XP level 7. HP: 61/61 MP: 7/7
   784 | D:5      | Reached skill level 8 in Axes
   935 | D:6      | Gained mutation: You expend magic power (3 MP) to strengthen your wands. [potion of mutation]
   935 | D:6      | Gained mutation: You have large cloven feet. [potion of mutation]
   935 | D:6      | Gained mutation: You are resistant to hostile enchantments. [potion of mutation]
  1239 | D:8      | Noticed a hippogriff
  1245 | D:8      | Reached skill level 9 in Axes
  1248 | D:8      | Killed a hippogriff
  1248 | D:8      | Reached skill level 5 in Armour
  1248 | D:8      | Reached XP level 8. HP: 71/71 MP: 8/8
  1406 | D:10     | Entered Level 10 of the Dungeon
  1409 | D:10     | Reached skill level 10 in Axes
  1562 | D:12     | Noticed an unseen horror
  1562 | D:12     | Noticed a hill giant
  1576 | D:11     | Got a slimy dagger
  1581 | D:11     | Noticed a kobold demonologist
  1593 | D:11     | Killed a kobold demonologist
  1593 | D:11     | Reached skill level 11 in Axes
  1593 | D:11     | Reached XP level 9. HP: 81/81 MP: 9/9
  1664 | D:11     | Noticed an unseen horror
  1752 | D:12     | Noticed a manticore
  1762 | D:12     | Killed a manticore
  1762 | D:12     | Reached skill level 12 in Axes
  1818 | D:12     | Noticed a skeletal warrior
  1832 | D:12     | Killed a hill giant
  1832 | D:12     | Reached skill level 13 in Axes
  1832 | D:12     | Reached XP level 10. HP: 43/91 MP: 10/10
  1835 | D:12     | Killed a skeletal warrior
  1898 | D:12     | Killed an unseen horror
  1916 | D:13     | Reached skill level 14 in Axes
  1960 | D:13     | Noticed a hill giant
  1960 | D:13     | Found a frozen archway.
  1967 | D:13     | Killed a hill giant
  1967 | D:13     | Reached skill level 10 in Fighting
  1997 | D:13     | Noticed a manticore
  2009 | D:13     | Killed a manticore
  2032 | IceCv    | Entered an ice cave
  2056 | IceCv    | Reached XP level 11. HP: 32/101 MP: 11/11
  2068 | IceCv    | Reached skill level 15 in Axes
  2538 | IceCv    | Reached skill level 10 in Armour
  2538 | IceCv    | Reached skill level 1 in Evocations
  2620 | IceCv    | Reached skill level 16 in Axes
  2819 | IceCv    | Noticed a death yak
  2831 | IceCv    | Killed a death yak
  2836 | IceCv    | Reached XP level 12. HP: 87/110 MP: 12/14
  2898 | IceCv    | Noticed a white draconian
  2923 | IceCv    | Killed a white draconian
  2923 | IceCv    | Reached skill level 17 in Axes
  2961 | IceCv    | :(
  3126 | D:12     | Found Cotu's Assorted Antiques.
  3212 | D:12     | Bought a scroll labeled VOIHINK KYPLA for 33 gold pieces
  3212 | D:12     | Bought a scroll labeled VOIHINK KYPLA for 33 gold pieces
  3212 | D:12     | Bought a scroll labeled JETYTW XEINOUF for 33 gold pieces
  3212 | D:12     | Bought 2 scrolls labeled JATSITU WUIGEPS for 66 gold pieces
  3212 | D:12     | Bought a scroll labeled JIMOELURAI for 33 gold pieces
  3212 | D:12     | Bought a scroll labeled JETYTW XEINOUF for 33 gold pieces
  3295 | D:11     | Reached skill level 5 in Evocations
  3319 | D:11     | Found a staircase to the Lair.
  3426 | D:9      | Reached skill level 18 in Axes
  3497 | D:9      | Got a faintly glowing cloak
  3498 | D:9      | Noticed lysy's ghost (novice DEFE)
  3553 | D:9      | Identified a scroll of acquirement
  3565 | D:9      | :)
  3585 | D:9      | Identified the +1 cloak of Misoisk {rC+ Dex+9} (You found it on level 9 of the Dungeon)
  3798 | D:10     | Noticed Joseph
  3811 | D:10     | Killed Joseph
  3880 | D:10     | Noticed a two-headed hydra
  3883 | D:10     | Killed a one-headed hydra
  4100 | D:10     | Found a staircase to the Orcish Mines.
  4107 | Orc:1    | Entered Level 1 of the Orcish Mines
  4112 | Orc:1    | Reached *** piety under Trog
  4120 | Orc:1    | Reached XP level 13. HP: 111/116 MP: 16/16
  4221 | Orc:2    | Entered Level 2 of the Orcish Mines
  4221 | Orc:2    | Found Todit Rye's Antique Weapon Shop.
  4221 | Orc:2    | Noticed Josephine
  4230 | Orc:2    | Reached skill level 19 in Axes
  4241 | Orc:2    | Killed Josephine
  4293 | Orc:2    | Noticed an orc warlord
  4339 | Orc:2    | Found Xewibaez's General Store.
  4349 | Orc:2    | Reached **** piety under Trog
  4401 | Orc:2    | Found Nucvoeju's Jewellery Shop.
  4473 | Orc:2    | Bought a potion of heal wounds for 75 gold pieces
  4521 | Orc:1    | Killed an orc warlord
  4612 | Orc:2    | Reached skill level 20 in Axes
  4722 | Orc:2    | Found Leceg's Antique Armour Boutique.
  4734 | Orc:2    | Bought a faintly humming chain mail for 275 gold pieces
  4755 | Orc:2    | Identified the +1 chain mail of Joy {rF++ Int+4} (You bought it in a shop on level 2 of the Orcish Mines)
  4890 | Orc:2    | Found Tohyodd's Antique Armour Shop.
  4891 | Orc:2    | Found a staircase to the Elven Halls.
  5142 | Lair:1   | Entered Level 1 of the Lair of Beasts
  5151 | Lair:1   | Reached ***** piety under Trog
  5322 | Lair:1   | Gained mutation: You evolve. [potion of mutation]
  5322 | Lair:1   | Lost mutation: You expend magic power (3 MP) to strengthen your wands. [potion of mutation]
  5389 | Lair:2   | Identified Goarchok's Handbook of Earthen Transformation
  5663 | Lair:4   | Found a hole to the Spider Nest.
  5863 | Lair:7   | Reached XP level 14. HP: 113/125 MP: 17/17
  5879 | Lair:7   | Found a staircase to the Slime Pits.
  5935 | Lair:8   | Entered Level 8 of the Lair of Beasts
  6128 | Lair:8   | Reached ****** piety under Trog
  6253 | Lair:8   | Noticed a dire elephant
  6253 | Lair:8   | Noticed a dire elephant
  6266 | Lair:8   | Killed a dire elephant
  6270 | Lair:8   | Killed a dire elephant
  6270 | Lair:8   | Received a gift from Trog
  6271 | Lair:8   | Got an encrusted battleaxe {god gift}
  6288 | Lair:8   | Got a twisted buckler
  6294 | Lair:8   | Identified the +4 battleaxe "Seubb" {drain, rElec SInv} (Trog gifted it to you on level 8 of the Lair of Beasts)
  6319 | Lair:8   | Noticed a dire elephant
  6332 | Lair:8   | Killed a dire elephant
  6369 | Lair:8   | Noticed a dire elephant
  6413 | Lair:8   | Noticed a dire elephant
  6416 | Lair:8   | Noticed a dire elephant
  6422 | Lair:8   | Killed a dire elephant
  6422 | Lair:8   | Reached skill level 21 in Axes
  6425 | Lair:8   | Killed a dire elephant
  6432 | Lair:8   | Killed a dire elephant
  6549 | Lair:8   | jacquesderrida: Everything is set for a super record!
  6731 | Lair:6   | 4thArraOfDagon: yet another slime :(
  6731 | Lair:6   | 4thArraOfDagon: no rpois
  6868 | Lair:7   | jacquesderrida: dang
  7082 | Slime:1  | Entered Level 1 of the Pits of Slime
  7082 | Slime:1  | Noticed an acid blob
  7099 | Slime:1  | Noticed an acid blob
  7104 | Slime:1  | Killed an acid blob
  7105 | Slime:1  | Gained mutation: Your spells are a little easier to cast, but a little less powerful. [a shining eye]
  7148 | Slime:1  | Gained mutation: You expend magic power (3 MP) to strengthen your wands. [a shining eye]
  7150 | Slime:1  | Gained mutation: Your body sometimes deteriorates upon taking damage. [a shining eye]
  7153 | Slime:1  | Gained mutation: You are clumsy. (Dex -2) [a shining eye]
  7157 | Slime:1  | Killed an acid blob
  7182 | Lair:7   | Gained mutation: You are robust (+10% HP). [evolution]
  7204 | Slime:1  | Reached skill level 5 in Dodging
  7233 | Slime:2  | Noticed an acid blob
  7244 | Slime:2  | Killed an acid blob
  7244 | Slime:2  | Reached XP level 15. HP: 147/147 MP: 18/18
  7283 | Slime:3  | Noticed Dissolution
  7284 | Slime:3  | 4thArraOfDagon: uhh
  7291 | Slime:3  | Killed Dissolution
  7291 | Slime:3  | Reached skill level 22 in Axes
  7296 | Slime:3  | jacquesderrida: ok
  7331 | Slime:3  | Noticed an azure jelly
  7346 | Slime:3  | Killed an azure jelly
  7411 | Slime:4  | Noticed an acid blob
  7421 | Slime:4  | Killed an acid blob
  7426 | Slime:4  | Noticed an acid blob
  7477 | Slime:4  | Received a gift from Trog
  7482 | Slime:4  | Killed an acid blob
  7591 | Slime:5  | Noticed an acid blob
  7600 | Slime:5  | Killed an acid blob
  7633 | Slime:6  | Entered Level 6 of the Pits of Slime
  7638 | Slime:6  | Noticed an acid blob
  7659 | Slime:5  | Killed an acid blob
  7690 | Slime:6  | Gained mutation: You are weak. (Str -2) [a shining eye]
  7691 | Slime:6  | Gained mutation: Your spells are easier to cast, but less powerful. [a shining eye]
  7703 | Slime:6  | Gained mutation: Armour fits poorly on your strangely shaped body. [a shining eye]
  7708 | Slime:6  | 4thArraOfDagon: -10ac
  7708 | Slime:6  | 4thArraOfDagon: :D
  7708 | Slime:6  | jacquesderrida: daaaaaaaaaang
  7715 | Slime:6  | Noticed an acid blob
  7741 | Slime:5  | Killed an acid blob
  7746 | Slime:5  | jacquesderrida: gotta kill that jelly hard
  7747 | Slime:5  | jacquesderrida: and get phat treasures
  7806 | Slime:6  | Found a viscous altar of Jiyva.
  7807 | Slime:6  | Noticed the Royal Jelly
  7814 | Slime:6  | Noticed an acid blob
  7817 | Slime:6  | Noticed an azure jelly
  7817 | Slime:6  | Noticed an azure jelly
  7819 | Slime:6  | Noticed an azure jelly
  7819 | Slime:6  | Noticed an acid blob
  7819 | Slime:6  | Noticed an acid blob
  7819 | Slime:6  | Noticed an azure jelly
  7821 | Slime:6  | Killed the Royal Jelly
  7821 | Slime:6  | Reached skill level 23 in Axes
  7821 | Slime:6  | Reached XP level 16. HP: 155/160 MP: 13/19
  7821 | Slime:6  | Noticed an acid blob
  7821 | Slime:6  | Noticed an azure jelly
  7821 | Slime:6  | Noticed an acid blob
  7822 | Slime:6  | jacquesderrida: noice
  7823 | Slime:6  | Noticed an acid blob
  7823 | Slime:6  | Killed an azure jelly
  7828 | Slime:6  | Killed an azure jelly
  7830 | Slime:6  | Killed an acid blob
  7831 | Slime:6  | Noticed an acid blob
  7832 | Slime:6  | Killed an azure jelly
  7833 | Slime:6  | Killed an azure jelly
  7833 | Slime:6  | Killed an acid blob
  7840 | Slime:6  | Killed an acid blob
  7844 | Slime:6  | Killed an acid blob
  7851 | Slime:6  | Killed an acid blob
  7858 | Slime:6  | Killed an acid blob
  7869 | Slime:6  | Killed an azure jelly
  7876 | Slime:6  | Killed an acid blob
  7876 | Slime:6  | Reached skill level 15 in Armour
  7891 | Slime:6  | jacquesderrida: no potions! ;^(
  7899 | Slime:6  | Got a slimy rune of Zot
  7923 | Slime:6  | 4thArraOfDagon: no rpoisons:(
  7923 | Slime:6  | 4thArraOfDagon: im going to die in snake
  7923 | Slime:6  | jacquesderrida: there is a ring to the left!
  7929 | Slime:6  | jacquesderrida: It's rpois slay +6
  7938 | Slime:6  | jacquesderrida: both!
  7996 | Slime:6  | Got a smoking shield
  8008 | Slime:6  | Identified the Papyrus of the Voyage (You found it on level 6 of the Pits of Slime)
  8016 | Slime:6  | Identified the +0 shield "Coaty" {Slay+2} (You found it on level 6 of the Pits of Slime)
  8042 | Slime:6  | Identified the Almanac of Creative Confrontation (You found it on level 6 of the Pits of Slime)
  8185 | Lair:5   | jacquesderrida: don't do snake yet
  8185 | Lair:6   | 4thArraOfDagon: ill convert to mak
  8185 | Lair:6   | jacquesderrida: Just go somewhere else and be fast about it!
  8185 | Lair:6   | 4thArraOfDagon: and go vaults
  8187 | Lair:6   | jacquesderrida: noice
  8219 | Lair:5   | Found a sparkling altar of Nemelex Xobeh.
  8298 | Lair:5   | Identified the +3 buckler "Nyvaduot" {Str+2} (You found it on level 8 of the Lair of Beasts)
  8354 | Lair:4   | Found a staircase to the Swamp.
  8393 | Lair:3   | Received a gift from Trog
  8567 | D:7      | Noticed Duvessa
  8567 | D:7      | Noticed Dowan
  8575 | D:7      | Killed Duvessa
  8576 | D:7      | Killed Dowan
  8661 | D:6      | Found a glowing silver altar of Zin.
  8666 | D:6      | Noticed Edmund
  8672 | D:6      | Killed Edmund
  8700 | D:6      | Found a staircase to the Ecumenical Temple.
  8706 | Temple   | Entered the Ecumenical Temple
  8746 | Temple   | Fell from the grace of Trog
  8746 | Temple   | Became a worshipper of Makhleb the Destroyer
  8820 | D:6      | Found a shadowy altar of Dithmenos.
  8873 | D:7      | Found a white marble altar of Elyvilon.
  8885 | D:7      | 4thArraOfDagon: fuck
  8885 | D:7      | jacquesderrida: wat
  8885 | D:7      | 4thArraOfDagon: +tele is gone
  8885 | D:7      | jacquesderrida: watttttt
  8885 | D:7      | 4thArraOfDagon: yeah
  8885 | D:7      | jacquesderrida: daaaaaang
  8885 | D:7      | 4thArraOfDagon: no more 600 teles and 25k games
  8885 | D:7      | jacquesderrida: devs are completely out of things to do with this game
  8885 | D:7      | 4thArraOfDagon: its cool
  8885 | D:7      | jacquesderrida: time to release final version
  8885 | D:7      | 4thArraOfDagon: i hope they recompensate this with even shorter branches
  8885 | D:7      | jacquesderrida: game is going to start with the orb next to the exit
  8916 | D:7      | Learned a level 1 spell: Animate Skeleton
  8916 | D:7      | jacquesderrida: plot twist: orb has always been the door knob at the dungeon entrance
  8920 | D:7      | Learned a level 3 spell: Regeneration
  8925 | D:7      | pipel: or another: you were the orb all the way
  8931 | D:7      | Learned a level 5 spell: Silence
  8944 | D:7      | pipel: you just had to discover it in yourself
  8963 | D:7      | pipel: crawl is actually a game of self-improvement
  8963 | D:7      | 4thArraOfDagon: find id scroll to id it and ascend
  9085 | D:13     | pipel: that could be a funny branch
  9115 | D:13     | pipel: if the only id scroll was at zot:5
  9173 | D:14     | pipel: and orb spawned demons against you from the very beginning
  9175 | D:15     | Entered Level 15 of the Dungeon
  9240 | D:14     | Found a gate to the Vaults.
  9252 | D:14     | Reached * piety under Makhleb
  9325 | D:14     | jacquesderrida: daaaaaaaang
  9325 | D:14     | 4thArraOfDagon: polar bears
  9325 | D:14     | 4thArraOfDagon: thats doable
  9337 | Vaults:1 | Entered Level 1 of the Vaults
  9339 | Vaults:1 | jacquesderrida: time to revenant
  9397 | Vaults:1 | Reached ** piety under Makhleb
  9406 | Vaults:1 | Noticed Saint Roka
  9427 | Vaults:1 | Killed Saint Roka
  9427 | Vaults:1 | Reached skill level 1 in Invocations
  9582 | Vaults:1 | Reached *** piety under Makhleb
  9623 | Vaults:1 | Reached skill level 24 in Axes
  9623 | Vaults:1 | Reached XP level 17. HP: 169/169 MP: 21/21
  9670 | Vaults:1 | Reached skill level 1 in Charms
  9692 | Vaults:1 | Reached skill level 1 in Necromancy
  9700 | Vaults:1 | Reached skill level 15 in Fighting
  9734 | Vaults:1 | HP: 8/171 [deep troll[an ironheart preserver] (1)]
  9734 | Vaults:1 | HP: 2/171 [ironheart preserver/dire flail (6)]
  9736 | Vaults:1 | jacquesderrida: dang wat
  9748 | Vaults:1 | jacquesderrida: miracle
  9794 | Vaults:1 | Reached **** piety under Makhleb
  9809 | Vaults:1 | Reached skill level 1 in Spellcasting
 10166 | Vaults:3 | Lost mutation: You are resistant to hostile enchantments. [potion of cure mutation]
 10166 | Vaults:3 | Lost mutation: Your body sometimes deteriorates upon taking damage. [potion of cure mutation]
 10166 | Vaults:3 | Lost mutation: You are weak. (Str -2) [potion of cure mutation]
 10166 | Vaults:3 | Lost mutation: You expend magic power (3 MP) to strengthen your wands. [potion of cure mutation]
 10166 | Vaults:3 | Lost mutation: Armour fits poorly on your strangely shaped body. [potion of cure mutation]
 10166 | Vaults:3 | Lost mutation: You evolve. [potion of cure mutation]
 10300 | Vaults:3 | Reached skill level 5 in Invocations
 10346 | Vaults:3 | Reached ***** piety under Makhleb
 10399 | Vaults:4 | pipel: what weapons do you have?
 10424 | Vaults:4 | 4thArraOfDagon: two axes
 10481 | Vaults:4 | pipel: then that giant's axe if probably worth checking out
 10533 | Vaults:4 | jacquesderrida: no
 10581 | Vaults:4 | pipel: ok :)
 10593 | Vaults:4 | Kolbur: he already has a vamp axe, what else could he want?
 10602 | Vaults:4 | Reached XP level 18. HP: 179/179 MP: 22/22
 10604 | Vaults:4 | Reached skill level 5 in Necromancy
 10606 | Vaults:4 | jacquesderrida: yes
 10613 | Vaults:4 | pipel: for 3 runes?
 10648 | Vaults:4 | jacquesderrida: no
 10713 | Vaults:4 | pipel: i guess vamp axe is not that good in demon branches
 10713 | Vaults:4 | 4thArraOfDagon: lets do this
 10713 | Vaults:4 | pipel: and tomb
 10714 | Vaults:5 | Entered Level 5 of the Vaults
 10714 | Vaults:5 | Noticed a tentacled monstrosity
 10730 | Vaults:4 | Reached skill level 5 in Charms
 10764 | Vaults:4 | jacquesderrida: yes
 10770 | Vaults:4 | Reached ****** piety under Makhleb
 10783 | Vaults:4 | jacquesderrida: And it shares this property with ice axes
 10840 | Vaults:5 | Noticed an Ice Fiend
 10840 | Vaults:5 | Noticed a golden dragon
 10849 | Vaults:5 | Killed a tentacled monstrosity
 10915 | Vaults:4 | Noticed an Ice Fiend
 10923 | Vaults:4 | Killed a golden dragon
 10988 | Vaults:4 | Reached skill level 25 in Axes
 11037 | Vaults:4 | pipel: not to the same extent
 11041 | Vaults:5 | Noticed a titan
 11053 | Vaults:4 | Reached XP level 19. HP: 189/189 MP: 24/24
 11067 | Vaults:4 | jacquesderrida: yes
 11067 | Vaults:4 | jacquesderrida: no
 11067 | Vaults:4 | jacquesderrida: but yes
 11095 | Vaults:4 | pipel: did you mean no?
 11139 | Vaults:4 | HP: 7/189 [stone giant[the rage of Trog] (43)]
 11139 | Vaults:4 | Slain by a stone giant

Vault maps used:
D:1:      shiori_arrival_whats_in_store_for_you
D:2:      old_standard_altar, tgw_xom, first_bread, lightli_corner_chamber
D:3:      yredelemnul_forgotten_temple_becter, led_sif_pool, uniq_grinder,
          uniq_jessica, uniq_robin
D:4:      old_forge, zin_angel, lemuel_statue_altar
D:5:      enter_ossuary_5, minivault_4, serial_bayou_pond_d,
          minmay_fountain_box, okawaru_altar_gauntlet_db, uniq_sigmund,
          uniq_pikel, uniq_crazy_yiuf_cottage
D:6:      kennysheep_big_flooded_room, lemuel_crystal_altar, basic_altar,
          uniq_edmund
D:7:      overflow_temple_1_default, nemelex_diamond_rough_becter, uniq_duvessa
D:8:      special_room
D:10:     orc_0_dummy, hangedman_ranch, grunt_ministairs_2, kennysheep_dice,
          uniq_joseph
D:11:     due_lair_maze_entry_diamond
D:12:     nicolae_trove_entry_diagonal, serial_shops, shop
D:13:     portal_ice_cave_entry_imps
D:14:     lightli_vaults_fourway_checkpoint, minmay_parallelograms,
          kennysheep_windowed_goal
D:15:     grunt_enter_depths_snipers, minmay_strange_pillars
Temple:   nicolae_temple_god_jail
Lair:1:   lemuel_ratsnest, infiniplex_staircase_pool_2, grunt_megastairs_5
Lair:2:   beast_lair_carwin_large_1, minivault_27
Lair:3:   grunt_megastairs_4, infiniplex_staircase_pool
Lair:4:   minmay_swamp_entry_worms, nicolae_spider_entry_non_spiders,
          serial_bayou_shore_a
Lair:5:   basic_altar
Lair:7:   minmay_slime_entry_oklob_open
Lair:8:   due_jungle_book
Slime:2:  basic_altar, cheibrodos_slime_lost_civilization_6
Slime:3:  dissolution_awaits
Orc:2:    grunt_orc_gardens, grunt_orc_garden, grunt_orc_garden,
          grunt_orc_garden, grunt_orc_garden, serial_shops,
          nicolae_shop_behind_doors, uniq_josephine
Vaults:1: ontoclasm_vaults_pinch, vaults_dpeg_ring, nicolae_vaults_asterisk,
          nicolae_vaults_little_squares_2, vaults_room_fours,
          vaults_room_corners, serial_shops,
          nicolae_shop_temple_entry_statues_fountains, uniq_saint_roka
Vaults:2: ontoclasm_vaults_decontamination, grunt_vaults_funnel,
          nicolae_vaults_display_case, vaults_mumra_lcd, vaults_room_corners,
          minmay_crypt_entry_nasty_monster, grunt_vaults_twisty,
          vaults_room_hallway, nicolae_vaults_little_ls
Vaults:3: hangedman_vaults_trim, grunt_tower_of_power, v_misc_23,
          nicolae_vaults_hallways_thing, vaults_dpeg_doors,
          hangedman_vaults_trim, v_pattern_1, nicolae_vaults_shelves_hall,
          ontoclasm_vaults_ligature, nicolae_vaults_border_crossing,
          dpeg_vaults_monster_row, serial_shops, bzr_entry_lakeside,
          nicolae_shop_overgrown_old_shop
Vaults:4: v_misc_24, st_greater_box_2, ontoclasm_vaults_spin,
          nicolae_vaults_ring_of_whatevers, vaults_mumra_minichess_inversion,
          grunt_vaults_trifunnel, v_rooms_3, v_rooms_5, hangedman_vaults_nails,
          nicolae_vaults_little_squares_1, ontoclasm_vaults_idyll, v_misc_15,
          nicolae_vaults_gold_heap
IceCv:    ice_cave_caverns_01

Action                   |  1- 3 |  4- 6 |  7- 9 | 10-12 | 13-15 | 16-18 | 19-21 || total
-------------------------+-------+-------+-------+-------+-------+-------+-------++-------
Melee: Hand axe          |    71 |    27 |       |       |       |       |       ||    98
       War axe           |       |    44 |   182 |   284 |       |       |       ||   510
       Battleaxe         |       |       |       |   161 |   760 |   805 |    41 ||  1767
       Falchion          |       |       |       |     2 |       |       |       ||     2
 Fire: Blowgun           |       |       |     4 |     2 |     1 |       |       ||     7
 Cast: Regeneration      |       |       |       |       |       |     3 |     3 ||     6
Invok: Berserk           |     4 |     5 |    10 |    21 |    26 |       |       ||    66
       Trog's Hand       |     1 |     4 |     6 |    31 |    17 |     2 |       ||    61
       Burn Spellbooks   |       |       |       |       |     1 |     1 |       ||     2
       Brothers in Arms  |       |       |       |       |     4 |     5 |       ||     9
       Lesser Servant of |       |       |       |       |       |     4 |       ||     4
 Abil: Evoke Berserk Rag |       |       |       |       |       |     8 |     1 ||     9
Evoke: Wand              |       |       |     1 |     2 |       |     5 |       ||     8
       Deck              |       |       |       |       |       |     4 |       ||     4
  Use: Potion            |       |       |     1 |     4 |     5 |     8 |       ||    18
       Scroll            |       |       |       |     6 |    19 |    16 |     1 ||    42
 Stab: Distracted        |       |       |       |       |     1 |     1 |       ||     2
  Eat: Chunk             |     2 |     7 |    14 |    34 |    23 |     8 |     2 ||    90
       Pizza             |       |       |       |       |     6 |     1 |       ||     7
       Fruit             |       |       |       |       |    17 |     7 |       ||    24
       Bread ration      |       |       |       |       |     2 |       |       ||     2
       Beef jerky        |       |       |       |       |     3 |     2 |       ||     5
